[Event "Titled Tuesday Blitz September 28 2021"]
[White "Sadykov, Ramil"]
[Black "Shtembuliak, Evgeny"]
[WhiteFideId "24113590"]
[BlackFideId "14113325"]
[WhiteElo "2300"]
[BlackElo "2504"]
[Result "0-1"]
[Round "08"]
[TimeControl "180+1"]
[Date "2021.09.28"]
[WhiteClock "0:00:02"]
[BlackClock "0:00:55"]

1. d4 Nf6 2. Nc3 d5 3. Bf4 g6 4. e3 Bg7 5. Be2 c5 6. Nb5 Na6 7. a4 cxd4 8. exd4 O-O 9. Nf3 Bf5 10. O-O Nb4 11. c3 Nc6 12. Ne5 a6 13. Na3 Rc8 14. Nxc6 Rxc6 15. Nc2 Ne4 16. Nb4 Rc8 17. a5 g5 18. Be5 f6 19. Bg3 Be6 20. Nd3 Rc6 21. Re1 Nxg3 22. hxg3 Bc8 23. Qd2 e5 24. Nc5 Rd6 25. b4 e4 26. b5 axb5 27. Bxb5 f5 28. a6 bxa6 29. Bxa6 f4 30. gxf4 gxf4 31. Bxc8 Qxc8 32. Ra7 Rg6 33. Rb1 Qg4 34. f3 exf3 35. Rbb7 Re8 36. Qf2 Re1+ 0-1


[Site "https://www.chess.com"]

[Event "Titled Tuesday Blitz September 28 2021"]
[White "Samadov, Read"]
[Black "Sevian, Samuel"]
[WhiteFideId "13417444"]
[BlackFideId "2040506"]
[WhiteElo "2084"]
[BlackElo "2907"]
[Result "1-0"]
[Round "08"]
[TimeControl "180+1"]
[Date "2021.09.28"]
[WhiteClock "0:01:13"]
[BlackClock "0:01:52"]

1. d4 b6 2. c4 Bb7 3. Nc3 Nf6 4. e3 e6 5. Nf3 d5 6. cxd5 exd5 7. Bd3 Bd6 8. O-O O-O 9. b3 Re8 10. Bb2 c5 11. Rc1 a6 12. Ne2 Nbd7 13. Bb1 Rc8 14. dxc5 bxc5 15. Ng3 Bb8 16. Re1 Nf8 17. Qd3 Ng6 18. Ba3 Qa5 19. Bb2 Qd8 20. Rcd1 Qb6 21. Qf5 Rc6 22. Ng5 Bc8 23. Qc2 Qd8 24. b4 Ng4 25. Nf3 Nh4 26. Qxh7+ Kf8 27. Qh8+ Ke7 28. Qxh4+ Nf6 29. e4 Bxg3 30. exd5+ Be6 31. hxg3 Rh8 32. dxc6 1-0


[Site "https://www.chess.com"]

[Event "Titled Tuesday Blitz September 28 2021"]
[White "Saravana, Krishnan P."]
[Black "Kamsky, Gata"]
[WhiteFideId "5018382"]
[BlackFideId "2000024"]
[WhiteElo "2245"]
[BlackElo "2603"]
[Result "0-1"]
[Round "08"]
[TimeControl "180+1"]
[Date "2021.09.28"]
[WhiteClock "0:00:39"]
[BlackClock "0:00:26"]

1. e4 c5 2. Nf3 e6 3. g3 d5 4. exd5 exd5 5. d4 c4 6. b3 cxb3 7. axb3 Bd6 8. Bg2 Ne7 9. O-O O-O 10. Ne5 Nd7 11. Bb2 Nxe5 12. dxe5 Bc5 13. Nc3 Be6 14. Na4 b6 15. Kh1 Qc7 16. f4 Rfd8 17. g4 d4 18. Nxc5 bxc5 19. f5 Bd5 20. Qe2 Bxg2+ 21. Qxg2 Qxe5 22. Rae1 Qd6 23. g5 Nd5 24. g6 Nf6 25. gxh7+ Kh8 26. Rf3 Re8 27. Rg1 Qf8 28. Rg3 Nh5 29. Rg5 Nf4 30. Qf3 Qd6 31. Rxg7 Qd5 32. Qxd5 Nxd5 33. Rxf7 Rf8 34. Rd7 Rxf5 35. b4 Nxb4 36. c3 Nd3 37. Ba1 Nf2+ 38. Kg2 Raf8 39. cxd4 Rg5+ 40. Kf1 Nh3+ 41. Ke2 Rxg1 42. Bc3 Rf2+ 43. Ke3 Rc1 0-1


[Site "https://www.chess.com"]

[Event "Titled Tuesday Blitz September 28 2021"]
[White "Savchenko, Boris"]
[Black "Svane, Rasmus"]
[WhiteFideId "4147332"]
[BlackFideId "4657101"]
[WhiteElo "2543"]
[BlackElo "2643"]
[Result "1-0"]
[Round "08"]
[TimeControl "180+1"]
[Date "2021.09.28"]
[WhiteClock "0:00:27"]
[BlackClock "0:00:03"]

1. e4 c6 2. Nf3 d5 3. Nc3 dxe4 4. Nxe4 Nf6 5. Ng3 g6 6. b3 Bg7 7. Bb2 c5 8. Bb5+ Bd7 9. a4 Nc6 10. O-O O-O 11. Re1 a6 12. Bxc6 Bxc6 13. Ne5 Rc8 14. a5 Re8 15. d3 Bd5 16. Qc1 Nd7 17. Nxd7 Qxd7 18. Bxg7 Kxg7 19. Ra4 f6 20. h3 e5 21. Rg4 Qf7 22. Nf5+ Kh8 23. Nd6 Qd7 24. Nxc8 Qxc8 25. Qh6 Qf5 26. f4 Kg8 27. fxe5 Rxe5 28. Rxe5 Qxe5 29. Qd2 f5 30. d4 Qe6 31. Rf4 c4 32. bxc4 Bxc4 33. Rf3 Bd5 34. Re3 Be4 35. d5 Qxd5 36. Qxd5+ Bxd5 37. Re7 h6 38. h4 Kf8 39. Rc7 f4 40. Kf2 Bc6 41. g3 fxg3+ 42. Kxg3 Ke8 43. Rh7 h5 44. Kf4 Kf8 45. Ke5 Ke8 46. Kf6 Be4 47. Re7+ Kd8 48. Rxe4 1-0


[Site "https://www.chess.com"]

[Event "Titled Tuesday Blitz September 28 2021"]
[White "Saya, Ethan"]
[Black "Martin Carmona, Gaston Manuel"]
[WhiteFideId "26095181"]
[BlackFideId "22284567"]
[WhiteElo "2217"]
[BlackElo "2161"]
[Result "0-1"]
[Round "08"]
[TimeControl "180+1"]
[Date "2021.09.28"]
[WhiteClock "0:00:03"]
[BlackClock "0:00:05"]

1. e4 e6 2. d4 d5 3. exd5 exd5 4. Nf3 Nf6 5. Bd3 Be7 6. Bf4 O-O 7. h3 c6 8. O-O Nbd7 9. c3 Re8 10. Nbd2 Nf8 11. Qc2 Ng6 12. Bg3 Bd6 13. Bxd6 Qxd6 14. Rae1 Bd7 15. Bf5 Nf4 16. Ne5 g6 17. Bxd7 Nxd7 18. Ndf3 Nxe5 19. dxe5 Qd7 20. Qd2 Qf5 21. Kh1 Nxh3 22. Nd4 Qf4 23. Qe2 Ng5 24. g3 Qe4+ 25. Qxe4 Nxe4 26. Kg2 Nc5 27. f4 Re7 28. Kf3 Rae8 29. b4 Ne4 30. Rxe4 dxe4+ 31. Kxe4 f6 32. Nf3 Rd8 33. Rf2 fxe5 34. Nxe5 Rd1 35. g4 Kg7 36. g5 Re1+ 37. Kd4 Rd1+ 38. Ke4 Rc1 39. Rf3 Re1+ 40. Kd4 Rd1+ 41. Ke4 a5 42. bxa5 Rd5 43. c4 Rxa5 44. a3 Ra4 45. Kd4 Ra8 46. Rb3 Rd8+ 47. Ke4 h5 48. gxh6+ Kxh6 49. a4 Rde8 50. a5 g5 51. Rh3+ Kg7 52. Rg3 Kf6 53. Rxg5 Rg7 54. Rf5+ Ke6 55. Rh5 Kd6 56. Rh6+ Kc5 57. Rh5 Kb4 58. a6 bxa6 59. Rh6 Rc7 60. Kd4 c5+ 61. Kd5 Rd8+ 62. Ke6 a5 63. Rh1 a4 64. Rb1+ Kc3 65. Rb5 a3 66. f5 a2 67. Ra5 Kb2 68. Rb5+ Kc2 69. Ra5 Kb3 70. f6 Re8+ 71. Kd6 Rcc8 72. f7 Rf8 73. Ke7 Ra8 74. Rb5+ Kc3 75. Nd7 a1=Q 76. Nxf8 Qe1+ 77. Ne6 Qe5 78. Rxc5 Ra7+ 79. Ke8 Qxe6+ 80. Kf8 Qxf7# 0-1


[Site "https://www.chess.com"]

[Event "Titled Tuesday Blitz September 28 2021"]
[White "Seemann, Jakub"]
[Black "Kovalchuk94"]
[WhiteFideId "21874697"]
[WhiteElo "1849"]
[BlackElo "2679"]
[Result "0-1"]
[Round "08"]
[TimeControl "180+1"]
[Date "2021.09.28"]
[WhiteClock "0:00:03"]
[BlackClock "0:00:15"]

1. Nf3 d5 2. c4 e6 3. g3 Nf6 4. Bg2 Be7 5. O-O O-O 6. d4 dxc4 7. Qc2 a6 8. a4 Bd7 9. Qxc4 Bc6 10. Bg5 Nbd7 11. Nc3 h6 12. Bxf6 Nxf6 13. e3 a5 14. Ne5 Bxg2 15. Kxg2 c6 16. Rac1 Qb6 17. b3 Qa6 18. Rfd1 Rfd8 19. Kf3 Bb4 20. Ne4 Nxe4 21. Kxe4 Qb6 22. f4 Rd5 23. Nd3 Rad8 24. Kf3 h5 25. h3 g6 26. g4 Ba3 27. Rc2 Bf8 28. Rg2 c5 29. dxc5 Qc6 30. Kg3 Bxc5 31. Ne5 Qb6 32. Rxd5 exd5 33. Qd3 hxg4 34. hxg4 Bxe3 35. Nf3 d4 36. f5 Qd6+ 37. Kh3 Qf4 38. Ne1 Kg7 39. f6+ Kxf6 40. g5+ Kg7 0-1


[Site "https://www.chess.com"]

[Event "Titled Tuesday Blitz September 28 2021"]
[White "Sellitti, Federico"]
[Black "Mgeladze, Tamaz"]
[WhiteFideId "821829"]
[BlackFideId "13601202"]
[WhiteElo "2564"]
[BlackElo "2258"]
[Result "1-0"]
[Round "08"]
[TimeControl "180+1"]
[Date "2021.09.28"]
[WhiteClock "0:00:05"]
[BlackClock "0:01:04"]

1. e4 c5 2. Nc3 g6 3. g3 Bg7 4. Bg2 Nc6 5. d3 Nf6 6. Be3 d6 7. h3 O-O 8. Qd2 Rb8 9. Bh6 b5 10. h4 b4 11. Nd1 Bxh6 12. Qxh6 Ng4 13. Qd2 h5 14. f3 Nge5 15. Ne3 Nd4 16. Kf2 f5 17. f4 fxe4 18. dxe4 Ng4+ 19. Nxg4 Bxg4 20. c3 bxc3 21. bxc3 Ne6 22. Nh3 Qb6 23. Kg1 Qb2 24. Qe1 Qe2 25. Qxe2 Bxe2 26. Kh2 Rb2 27. Rhb1 Rfb8 28. Rxb2 Rxb2 29. Kg1 Kg7 30. Re1 Rxa2 31. f5 Nf8 32. Nf4 Bg4 33. Rb1 gxf5 34. exf5 Bxf5 35. Nxh5+ Kh6 36. Rf1 e6 37. Nf6 Kg6 38. Ne8 Rd2 39. g4 Bxg4 40. Rxf8 Bf5 41. Bf3 d5 42. h5+ Kg5 43. Rg8+ Kf4 44. Bg2 d4 45. cxd4 cxd4 46. Nd6 d3 47. Nxf5 exf5 48. h6 Rd1+ 49. Kh2 d2 50. Rd8 Re1 51. h7 Re6 52. h8=Q Kg5 53. Rg8+ Kf4 54. Qh4+ Ke5 55. Qg3+ f4 56. Qc3+ Kf5 57. Qxd2 Rh6+ 58. Kg1 f3 59. Qxh6 f2+ 60. Kxf2 a5 61. Rg5+ Kf4 62. Qh4# 1-0


[Site "https://www.chess.com"]

[Event "Titled Tuesday Blitz September 28 2021"]
[White "Seo, Jung Min"]
[Black "Urazayev, Arystanbek"]
[WhiteFideId "1734687"]
[BlackFideId "13709810"]
[WhiteElo "2486"]
[BlackElo "2321"]
[Result "1/2-1/2"]
[Round "08"]
[TimeControl "180+1"]
[Date "2021.09.28"]
[WhiteClock "0:00:42"]
[BlackClock "0:00:40"]

1. e4 c5 2. Nf3 e6 3. d4 cxd4 4. Nxd4 Nf6 5. Nc3 Nc6 6. a3 d6 7. Be2 Be7 8. Be3 O-O 9. O-O e5 10. Nb3 Be6 11. f3 d5 12. exd5 Nxd5 13. Nxd5 Bxd5 14. c4 Be6 15. Nc5 Nd4 16. Bxd4 exd4 17. Nxe6 fxe6 18. f4 e5 19. fxe5 Qc7 20. e6 Qe5 21. Bd3 Qe3+ 22. Kh1 Rxf1+ 23. Qxf1 Rf8 24. Qe2 Rf2 25. Qxe3 dxe3 26. Re1 Bc5 27. b4 Bd4 28. Rf1 e2 29. Re1 Bc3 30. e7 Kf7 31. e8=Q+ Kxe8 32. Rxe2+ Rxe2 33. Bxe2 Ke7 34. Bd3 h6 35. g3 Kf6 36. Kg2 Ke5 37. Kf3 Kd4 38. Ke2 b6 39. g4 Bb2 40. a4 Ba3 41. b5 Kc5 42. Kf3 Kb4 43. Ke4 Kxa4 44. h4 Kb4 45. g5 hxg5 46. hxg5 Kc5 47. g6 Bb2 48. Be2 Bf6 49. Bd3 Kd6 50. Be2 Ba1 51. Bd3 Bf6 52. Be2 Kc5 53. Bd3 Kb4 54. Be2 Kc3 55. Bd3 Kd2 56. Bf1 Ke1 57. Bd3 Kf2 58. Kd5 Ke3 59. Bf5 Kf4 60. Bb1 Ke3 61. Bf5 Be7 62. Kc6 Kd4 63. Be6 Ke5 64. Bf7 Bc5 65. Kb7 Kf6 66. Kxa7 Bg1 67. Kb7 Bc5 68. Kc6 Bg1 69. Kd5 Bc5 70. Ke4 Bg1 71. Kf3 Bc5 72. Kg2 Bf8 73. Kf3 Bc5 74. Ke4 Bf8 75. Kd4 Bc5+ 76. Kd5 Bg1 77. Ke4 Bc5 78. Kd3 Bg1 79. Ke4 Bc5 80. Kf3 Bf8 81. Ke2 Bc5 82. Kf3 Bf8 83. Ke4 Bc5 1/2-1/2


[Site "https://www.chess.com"]

[Event "Titled Tuesday Blitz September 28 2021"]
[White "Sethuraman, S.P."]
[Black "Zhigalko, Sergei"]
[WhiteFideId "5021596"]
[BlackFideId "13502956"]
[WhiteElo "2477"]
[BlackElo "2662"]
[Result "1/2-1/2"]
[Round "08"]
[TimeControl "180+1"]
[Date "2021.09.28"]
[WhiteClock "0:00:15"]
[BlackClock "0:00:03"]

1. d4 Nf6 2. c4 e6 3. Nf3 b6 4. a3 Bb7 5. Bf4 Bd6 6. Bxd6 cxd6 7. e3 O-O 8. Nc3 d5 9. cxd5 Nxd5 10. Nxd5 Bxd5 11. Bd3 f5 12. O-O Nc6 13. Rc1 Rc8 14. Bc4 Ne7 15. Qd3 Bxf3 16. gxf3 Ng6 17. f4 Qh4 18. Qe2 Qh3 19. d5 Nh4 20. f3 Kh8 21. Kh1 Rce8 22. dxe6 dxe6 23. Qf2 Ng6 24. Qg3 Qh4 25. Bb5 Rd8 26. Qxh4 Nxh4 27. Rc2 h6 28. Kg1 g5 29. fxg5 Rg8 30. h3 Rxg5+ 31. Kh2 Rdg8 32. Bd7 R8g6 33. Rff2 Rg3 34. Bc6 Rg1 35. f4 Re1 36. Rce2 Rc1 37. Rc2 Re1 38. Rce2 Rc1 39. Rc2 Re1 1/2-1/2


[Site "https://www.chess.com"]

[Event "Titled Tuesday Blitz September 28 2021"]
[White "Shimelkov, Vasiliy"]
[Black "Suvorov, Luca"]
[WhiteFideId "13701630"]
[BlackFideId "12977071"]
[WhiteElo "2073"]
[BlackElo "2127"]
[Result "1-0"]
[Round "08"]
[TimeControl "180+1"]
[Date "2021.09.28"]
[WhiteClock "0:00:16"]
[BlackClock "0:00:01"]

1. d4 Nf6 2. c4 c5 3. d5 e5 4. Nc3 d6 5. e4 Be7 6. Be2 O-O 7. Nf3 Bg4 8. O-O Bxf3 9. Bxf3 Nfd7 10. Bg4 Bg5 11. Nb5 Bxc1 12. Rxc1 Nf6 13. Bf3 a6 14. Nc3 b5 15. cxb5 axb5 16. Nxb5 Rxa2 17. Qb3 Ra6 18. g3 Nbd7 19. Bg2 Qb6 20. Qd3 Rb8 21. Na3 Ra4 22. Rfd1 Rd4 23. Qe2 h6 24. h3 Ne8 25. Nc4 Qb5 26. Qc2 Nb6 27. Ne3 Na4 28. Nf5 Rxd1+ 29. Rxd1 Nxb2 30. Rb1 c4 31. Qe2 c3 32. Qxb5 Rxb5 33. Bf1 Rc5 34. Ne3 Nf6 35. f3 Nd7 36. Kf2 g6 37. Rc1 Nb6 38. f4 N6a4 39. fxe5 dxe5 40. h4 Kf8 41. Ng4 f6 42. Nxf6 Ke7 43. Ng4 Kd6 44. Nxh6 Rc8 45. Nf7+ Ke7 46. Nxe5 Kd6 47. Nxg6 1-0


[Site "https://www.chess.com"]

[Event "Titled Tuesday Blitz September 28 2021"]
[White "Sieciechowicz, Marcin"]
[Black "Gritsenko, Nikolai"]
[WhiteFideId "1130170"]
[BlackFideId "14112493"]
[WhiteElo "2318"]
[BlackElo "2389"]
[Result "0-1"]
[Round "08"]
[TimeControl "180+1"]
[Date "2021.09.28"]
[WhiteClock "0:00:05"]
[BlackClock "0:00:11"]

1. d4 d5 2. Bf4 c6 3. e3 Qb6 4. Nf3 Qxb2 5. Nbd2 Qb6 6. c4 e6 7. Bd3 Nf6 8. O-O Nbd7 9. Rb1 Qd8 10. Ne5 Be7 11. Qc2 O-O 12. h3 g6 13. Rfc1 Nxe5 14. dxe5 Nh5 15. Bh2 a6 16. Nf3 Ng7 17. g4 dxc4 18. Qxc4 b5 19. Qxc6 Ra7 20. Qc2 Bb7 21. Be4 Qa8 22. Bxb7 Rxb7 23. Nd4 Re8 24. Qe4 Rc8 25. Rc6 Rxc6 26. Qxc6 Ra7 27. Rc1 Ne8 28. f4 Qd8 29. Rc2 Rc7 30. Qe4 Bc5 31. Rd2 Rd7 32. Nc6 Qc7 33. Rxd7 Qxd7 34. Kg2 Nc7 35. Kg3 Qd2 36. Bg1 Nd5 37. Nd4 Bxd4 38. exd4 b4 39. f5 gxf5 40. gxf5 Qg5+ 41. Qg4 h6 42. Kf3 exf5 43. Qxg5+ hxg5 44. Ke2 a5 45. Kd3 a4 46. Kc4 b3 47. axb3 a3 0-1


[Site "https://www.chess.com"]

[Event "Titled Tuesday Blitz September 28 2021"]
[White "Sinitsina, Anastassia"]
[Black "Avila Pavas, Santiago"]
[WhiteFideId "4504640"]
[BlackFideId "4437128"]
[WhiteElo "2161"]
[BlackElo "2292"]
[Result "1-0"]
[Round "08"]
[TimeControl "180+1"]
[Date "2021.09.28"]
[WhiteClock "0:00:10"]
[BlackClock "0:00:02"]

1. Nf3 d5 2. g3 c6 3. Bg2 Nf6 4. O-O Bf5 5. d3 Nbd7 6. Nbd2 h6 7. Qe1 e6 8. e4 Bh7 9. Qe2 Be7 10. e5 Ng8 11. Re1 c5 12. Nf1 Bf8 13. h4 Ne7 14. N1h2 Nc6 15. Bf4 Be7 16. Qd2 Qa5 17. c3 O-O-O 18. Ng4 Rdg8 19. a3 Qd8 20. b4 g5 21. hxg5 hxg5 22. Be3 Bf5 23. Nf6 Nxf6 24. exf6 Bxf6 25. Bxc5 g4 26. Nh2 Ne5 27. Bxa7 Rh5 28. Bd4 Bh7 29. Bxe5 Bxe5 30. Nf1 Rh8 31. Rac1 Bg6 32. c4 d4 33. Qe2 Qg5 34. Qd2 Qf6 35. Qe2 Qg7 36. Qxg4 Qh7 37. Qf3 Kd8 38. Qxb7 Bc7 39. b5 Bf5 40. b6 Bd6 41. Qc6 Ke7 42. b7 Bh3 43. Bf3 Bg4 44. Bxg4 Rh1+ 45. Kg2 1-0


[Site "https://www.chess.com"]

[Event "Titled Tuesday Blitz September 28 2021"]
[White "Skatchkov, Valery"]
[Black "Sychev, Klementy"]
[WhiteFideId "24195812"]
[BlackFideId "4114060"]
[WhiteElo "2195"]
[BlackElo "2615"]
[Result "0-1"]
[Round "08"]
[TimeControl "180+1"]
[Date "2021.09.28"]
[WhiteClock "0:00:12"]
[BlackClock "0:01:28"]

1. d4 Nf6 2. c4 e6 3. Nf3 b6 4. g3 Ba6 5. b3 d5 6. Bg2 dxc4 7. Ne5 Bb4+ 8. Bd2 Qxd4 9. Bxb4 Qxa1 10. Bc3 Qxa2 11. Bxa8 cxb3 12. O-O Bxe2 13. Qd4 Bxf1 14. Nc6 Nbd7 15. Qb4 Nd5 16. Qh4 O-O 17. Bxg7 Kxg7 18. Qg5+ Kh8 0-1


[Site "https://www.chess.com"]

[Event "Titled Tuesday Blitz September 28 2021"]
[White "Sokolovsky, Yahli"]
[Black "Warmerdam, Max"]
[WhiteFideId "2820242"]
[BlackFideId "1048104"]
[WhiteElo "1770"]
[BlackElo "2537"]
[Result "1/2-1/2"]
[Round "08"]
[TimeControl "180+1"]
[Date "2021.09.28"]
[WhiteClock "0:00:05"]
[BlackClock "0:01:48"]

1. b3 d5 2. Bb2 Bg4 3. h3 Bh5 4. Nf3 e6 5. g4 Bg6 6. Ne5 a5 7. a4 Nd7 8. Nxg6 hxg6 9. Bg2 c6 10. d3 Ngf6 11. Nd2 Bd6 12. e4 Bf4 13. Qe2 Qc7 14. Nf3 dxe4 15. dxe4 e5 16. Nd2 O-O 17. O-O Rfd8 18. Nc4 Nc5 19. Rfd1 Ne6 20. Rxd8+ Rxd8 21. Rd1 Rxd1+ 22. Qxd1 b5 23. axb5 cxb5 24. Na3 Qc5 25. Qd3 b4 26. Nc4 Ng5 27. Kf1 Kh7 28. Ke2 Ne6 29. Qd6 Qa7 30. Qb6 Qd7 31. Qxa5 Nd4+ 32. Bxd4 Qxd4 33. Qxb4 Nxe4 34. Bxe4 Qxe4+ 35. Kf1 Qxc2 36. Ne3 Qd3+ 37. Kg2 Bxe3 38. fxe3 Qe2+ 39. Kh1 Qf1+ 40. Kh2 Qf2+ 41. Kh1 Qxe3 42. Kg2 e4 43. Qe7 Qf3+ 44. Kh2 e3 45. Qh4+ Kg8 46. Qd8+ Kh7 47. Qh4+ Kg8 48. Qd8+ Kh7 49. Qh4+ 1/2-1/2


[Site "https://www.chess.com"]

[Event "Titled Tuesday Blitz September 28 2021"]
[White "Solon, Nathan"]
[Black "Siva Mahadevan"]
[WhiteFideId "2017229"]
[BlackFideId "25043153"]
[WhiteElo "2688"]
[BlackElo "2203"]
[Result "0-1"]
[Round "08"]
[TimeControl "180+1"]
[Date "2021.09.28"]
[WhiteClock "0:00:03"]
[BlackClock "0:00:47"]

1. d4 Nf6 2. Bg5 Ne4 3. Bf4 c5 4. f3 Qa5+ 5. c3 Nf6 6. Nd2 cxd4 7. Nb3 Qf5 8. Bxb8 Rxb8 9. Qxd4 b6 10. e4 Qf4 11. Nh3 Qc7 12. e5 Ng8 13. Nf2 Nh6 14. Bd3 e6 15. O-O d6 16. Rad1 d5 17. f4 Bc5 18. Bb5+ Ke7 19. Qd2 Nf5 20. Nd4 g6 21. Nc6+ Kf8 22. Nxb8 Qxb8 23. b4 Be3 24. Qe2 Bxf4 25. Ng4 Bg5 26. c4 h5 27. Nf6 d4 28. Qe4 h4 29. Rf3 Kg7 30. Rxd4 Bb7 31. Qg4 Bxf3 32. Qxg5 Nxd4 33. Nd7 Qd8 34. Qf6+ Qxf6 35. exf6+ Kh6 36. gxf3 Nxf3+ 37. Kf2 Ng5 38. c5 bxc5 39. bxc5 Rc8 40. Ke3 Nh7 41. c6 Kg5 0-1


[Site "https://www.chess.com"]

[Event "Titled Tuesday Blitz September 28 2021"]
[White "Soumya, Swaminathan"]
[Black "Garcia Garcia, Alejandro"]
[WhiteFideId "5016193"]
[BlackFideId "3516334"]
[WhiteElo "2115"]
[BlackElo "2131"]
[Result "0-1"]
[Round "08"]
[TimeControl "180+1"]
[Date "2021.09.28"]
[WhiteClock "0:00:01"]
[BlackClock "0:01:36"]

1. e4 c5 2. Nf3 e6 3. d3 Nc6 4. g3 g6 5. Bg2 Bg7 6. O-O Nge7 7. Re1 e5 8. c3 O-O 9. a3 d6 10. b4 a6 11. Be3 b6 12. Nbd2 h6 13. Nc4 Be6 14. Nfd2 Rc8 15. Rb1 b5 16. Nb2 cxb4 17. axb4 d5 18. Bc5 Re8 19. Ra1 a5 20. Bxe7 Rxe7 21. exd5 Bxd5 22. Ne4 axb4 23. cxb4 Nxb4 24. Re2 f5 25. Nd2 Bxg2 26. Kxg2 Nxd3 27. Qb3+ Kh7 28. Qxd3 Rd7 29. Qe3 e4 30. Rb1 Rc3 31. Qf4 Rc2 32. Nxe4 Rxe2 0-1


[Site "https://www.chess.com"]

[Event "Titled Tuesday Blitz September 28 2021"]
[White "Stoyanov, Tsvetan"]
[Black "Sadovsky, Artem"]
[WhiteFideId "2917173"]
[BlackFideId "4155840"]
[WhiteElo "2191"]
[BlackElo "2414"]
[Result "0-1"]
[Round "08"]
[TimeControl "180+1"]
[Date "2021.09.28"]
[WhiteClock "0:00:05"]
[BlackClock "0:00:13"]

1. e4 g6 2. d4 Bg7 3. Nc3 c6 4. h3 d5 5. Nf3 dxe4 6. Nxe4 Nd7 7. Bd3 Ngf6 8. O-O O-O 9. c3 Qc7 10. Re1 c5 11. dxc5 Nxe4 12. Bxe4 Nxc5 13. Bc2 e5 14. Qe2 Re8 15. Be3 Bd7 16. Rad1 Rad8 17. Bg5 f6 18. Be3 Be6 19. Qb5 b6 20. b4 Nb7 21. Be4 Nd6 22. Qc6 Qe7 23. Bd5 Bf8 24. Bxe6+ Qxe6 25. Qa4 Qf7 26. Qa6 Nc4 27. Bc1 Kg7 28. Nd2 Nxd2 29. Rxd2 Rxd2 30. Bxd2 Rd8 31. Be3 Rd7 32. c4 Bxb4 33. Rb1 Bf8 34. a4 Rc7 35. a5 Qxc4 36. Qxc4 Rxc4 37. axb6 axb6 38. Rxb6 Rc7 39. Kh2 Bc5 40. Bxc5 Rxc5 41. g4 Rc3 42. Kg2 e4 43. Re6 f5 44. g5 Kf7 45. Re5 Rc2 46. h4 Rc3 47. h5 Rf3 48. hxg6+ hxg6 49. Ra5 Rf4 50. Ra7+ Kf8 51. Ra6 Rg4+ 52. Kh3 Rxg5 53. Ra7 Kg8 54. Rb7 Rg4 55. Rc7 Rf4 56. Kg3 Rf3+ 57. Kg2 Rd3 58. Re7 Rd6 59. Ra7 Rf6 60. Kg3 Rf7 61. Ra6 Kg7 62. Kf4 Rf6 63. Ra7+ Kh6 64. Ra8 Re6 65. Rh8+ Kg7 66. Ra8 Kf6 67. Rf8+ Ke7 68. Ra8 Kd6 69. Ra6+ Kd5 70. Ra5+ Kd4 71. Ra4+ Kd3 72. Ra3+ Ke2 73. f3 e3 0-1


[Site "https://www.chess.com"]

[Event "Titled Tuesday Blitz September 28 2021"]
[White "Suvorov, Alexander"]
[Black "Molina, Roberto Junio Brito"]
[WhiteFideId "12977063"]
[BlackFideId "2109450"]
[WhiteElo "2221"]
[BlackElo "2402"]
[Result "0-1"]
[Round "08"]
[TimeControl "180+1"]
[Date "2021.09.28"]
[WhiteClock "0:00:55"]
[BlackClock "0:01:32"]

1. b3 d5 2. Bb2 Bg4 3. h3 Bh5 4. g4 Bg6 5. Bg2 c6 6. d3 f6 7. f4 e6 8. Nf3 Bd6 9. e3 Nd7 10. O-O Ne7 11. Nd4 Bf7 12. e4 Qb6 13. Kh1 h5 14. g5 O-O-O 15. a4 Qc7 16. e5 fxe5 17. fxe5 Nxe5 18. Rxf7 Nxf7 19. Nxe6 Qd7 20. Nxd8 Kxd8 21. Bxg7 Rg8 22. Bf6 Nxg5 23. Qxh5 Qf5 24. Bxe7+ Kxe7 25. Nd2 Qe5 0-1


[Site "https://www.chess.com"]

[Event "Titled Tuesday Blitz September 28 2021"]
[White "Taichman, Ori"]
[Black "Tristan, Leonardo"]
[WhiteFideId "2804069"]
[BlackFideId "113816"]
[WhiteElo "2227"]
[BlackElo "2404"]
[Result "0-1"]
[Round "08"]
[TimeControl "180+1"]
[Date "2021.09.28"]
[WhiteClock "0:00:11"]
[BlackClock "0:01:23"]

1. e4 d5 2. exd5 Qxd5 3. Nc3 Qa5 4. Bc4 Nf6 5. d3 Bg4 6. f3 Bd7 7. Bd2 Qb6 8. Qe2 e6 9. O-O-O Nc6 10. Ne4 Nd4 11. Qf1 O-O-O 12. Ne2 Nf5 13. Nxf6 gxf6 14. Bc3 Ne3 15. Qg1 Nxd1 16. Bxf6 Nf2 17. Bd4 Bc5 18. Qxf2 Bxd4 19. Qxd4 Kb8 20. Qxb6 axb6 21. f4 Bc6 22. Rg1 h5 23. g3 h4 24. g4 h3 25. Rg3 Bg2 26. d4 Rh4 27. c3 Rg8 28. g5 Bf1 29. Kd2 Bxe2 30. Bxe2 Rxf4 31. Rxh3 Rxg5 32. Rh8+ Ka7 33. h4 Rg2 34. Ke3 Rff2 35. Bf3 Rh2 36. h5 Rf1 37. h6 Rh3 38. Ke2 Rfxf3 39. h7 Rf6 0-1


[Site "https://www.chess.com"]

[Event "Titled Tuesday Blitz September 28 2021"]
[White "Terry, Renato"]
[Black "Nguyen, Ngoc Truong Son"]
[WhiteFideId "3803457"]
[BlackFideId "12401110"]
[WhiteElo "2577"]
[BlackElo "2596"]
[Result "1-0"]
[Round "08"]
[TimeControl "180+1"]
[Date "2021.09.28"]
[WhiteClock "0:00:07"]
[BlackClock "0:00:07"]

1. d4 Nf6 2. Bg5 c5 3. Bxf6 gxf6 4. d5 f5 5. c4 Bg7 6. Qc2 e6 7. Nc3 d6 8. g3 a6 9. Bg2 O-O 10. Nf3 b5 11. Nd2 Ra7 12. cxb5 axb5 13. Nxb5 Re7 14. O-O Ba6 15. a4 exd5 16. Bxd5 Rxe2 17. Qd3 Qe7 18. Nc4 Nd7 19. Bf3 Re6 20. Qxf5 Ne5 21. Be4 Re8 22. Ne3 Ng6 23. Bd5 Re5 24. Qc2 Qd7 25. Rad1 Bxb5 26. axb5 Qxb5 27. Nc4 Re2 28. Qf5 Rf8 29. Nxd6 Qxb2 30. Bxf7+ Kh8 31. Qh3 Qf6 32. Bc4 Rxf2 33. Nf7+ Rxf7 34. Bxf7 Rxf1+ 35. Qxf1 Qc6 36. Bxg6 hxg6 37. Rd8+ Kh7 38. Qh3+ Bh6 39. Qd7+ 1-0


[Site "https://www.chess.com"]

[Event "Titled Tuesday Blitz September 28 2021"]
[White "Timmermans, Mark"]
[Black "Lukovic, Vladimir"]
[WhiteFideId "1026399"]
[BlackFideId "942952"]
[WhiteElo "2460"]
[BlackElo "2436"]
[Result "1-0"]
[Round "08"]
[TimeControl "180+1"]
[Date "2021.09.28"]
[WhiteClock "0:01:29"]
[BlackClock "0:00:09"]

1. b4 a5 2. b5 Nf6 3. Bb2 d6 4. c4 e5 5. a4 Be6 6. e3 Nbd7 7. Nf3 h6 8. Be2 Be7 9. O-O O-O 10. Nc3 c6 11. d4 e4 12. Nd2 d5 13. Qb3 Bb4 14. Ba3 Qe7 15. Rfb1 Bxa3 16. Qxa3 Qxa3 17. Rxa3 Rac8 18. bxc6 bxc6 19. c5 Rb8 20. Rab3 Rxb3 21. Nxb3 Ra8 22. Nd2 Ra7 23. h3 Kf8 24. g4 Ke7 25. f3 exf3 26. Bxf3 Kd8 27. Kf2 Kc7 28. e4 dxe4 29. Ndxe4 Nxe4+ 30. Nxe4 Rb7 31. Rxb7+ Kxb7 32. Nd6+ Kc7 33. Ne8+ Kb7 34. Nxg7 Bb3 35. Nf5 Bxa4 36. Nxh6 Bb3 37. Ke3 a4 38. Kd2 a3 39. Kc3 a2 40. Kb2 Nf8 41. Nf5 Ne6 42. h4 f6 43. h5 Nf4 44. h6 Nd3+ 45. Ka1 Nb4 46. Be4 Bg8 47. Ne7 1-0


[Site "https://www.chess.com"]

[Event "Titled Tuesday Blitz September 28 2021"]
[White "Timofeev, Artyom"]
[Black "Tang, Andrew"]
[WhiteFideId "4140419"]
[BlackFideId "2059630"]
[WhiteElo "2591"]
[BlackElo "2588"]
[Result "1-0"]
[Round "08"]
[TimeControl "180+1"]
[Date "2021.09.28"]
[WhiteClock "0:01:51"]
[BlackClock "0:00:31"]

1. c4 e6 2. Nf3 d5 3. b3 Nf6 4. Bb2 Bd6 5. e3 O-O 6. Be2 b6 7. O-O Bb7 8. d3 Nbd7 9. Nbd2 Qe7 10. a3 Rfe8 11. Qc2 c5 12. cxd5 exd5 13. d4 Rac8 14. Qf5 Rc7 15. dxc5 bxc5 16. Rfe1 Rb8 17. Rab1 Bc8 18. Qg5 h6 19. Qh4 Ne5 20. Nxe5 Bxe5 21. Bxe5 Qxe5 22. Nf3 Qc3 23. Rec1 Qa5 24. Qf4 Rcb7 25. b4 Qxa3 26. Rxc5 Ne4 27. Rc2 Bd7 28. h3 Ba4 29. Rc7 Nc3 30. Qxf7+ 1-0


[Site "https://www.chess.com"]